 Dungeon Crawl Stone Soup version 0.24.0-28-g17ded55e90 (webtiles) character file.

Game seed: 6439354905857972199, levelgen mode: deterministic

17691 Delamore the Severer (level 12, -9/106 HPs)
             Began as a Hill Orc Fighter on Nov 12, 2019.
             Was an Elder of Qazlal.
             Mangled by a nine-headed hydra (10 damage)
             ... on level 2 of the Lair of Beasts.
             The game lasted 00:26:00 (10481 turns).

Delamore the Severer (Hill Orc Fighter)            Turns: 10481, Time: 00:26:01

Health: -9/106     AC:  9    Str: 30    XL:     12   Next: 50%
Magic:  12/12      EV:  8    Int:  4    God:    Qazlal [****..]
Gold:   377        SH: 15    Dex: 15    Spells: 11/11 levels left

rFire    . . .     SeeInvis +   a - +0 war axe
rCold    . . .     Gourm    .   c - +0 shield
rNeg     . . .     Faith    .   B - +2 ring mail of Somewhere Else {Str+8 Int-4 Dex+3}
rPois    .         Spirit   .   (helmet restricted)
rElec    .         Reflect  .   I - scarf {repulsion}
rCorr    .         Harm     .   (no gloves)
MR       .....                  (no boots)
Stlth    +.........             q - amulet of regeneration
HPRegen  0.67/turn              p - ring of see invisible
MPRegen  0.13/turn              M - ring of stealth

@: repel missiles
A: horns 1, agile 1, weak 1
a: Upheaval, Elemental Force, Renounce Religion


You were on level 2 of the Lair of Beasts.
You worshipped Qazlal.
Qazlal was greatly pleased with you.
You were not hungry.

You visited 2 branches of the dungeon, and saw 14 of its levels.

You collected 784 gold pieces.
You spent 407 gold pieces at shops.

Inventory:

Hand Weapons
 a - a +0 war axe (weapon)
 v - the +11 hand crossbow "Sarcophage" {penet, rPois rF+ rN++ Int+4, unknown}
   (You found it on level 11 of the Dungeon)

   Ammo fired by it will pass through the targets it hits, potentially hitting
   all targets in its path until it reaches maximum range.
   It affects your intelligence (+4).
   It protects you from fire.
   It protects you from poison.
   It greatly protects you from negative energy.
 x - a +0 broad axe
Missiles
 r - 10 javelins (quivered)
 w - 3 curare-tipped darts
Armour
 c - a +0 shield (worn)
 h - a +0 plate armour
 B - the +2 ring mail of Somewhere Else (worn) {Str+8 Int-4 Dex+3}
   (You bought it in a shop on level 8 of the Dungeon)

   It affects your strength (+8).
   It affects your intelligence (-4).
   It affects your dexterity (+3).
 I - a scarf of repulsion (worn)
 N - a +0 helmet
Jewellery
 o - a +1 ring of protection
 p - a ring of see invisible (left hand)
 q - an amulet of regeneration (around neck)
 s - an uncursed amulet of the acrobat
 M - a ring of stealth (right hand)
Wands
 i - a wand of disintegration (1)
 k - a wand of iceblast (15)
 A - a wand of acid (9)
 C - a wand of flame (7)
Scrolls
 d - a scroll of torment
 g - 4 scrolls of teleportation
 m - 7 scrolls of remove curse
 t - a scroll of enchant armour
 y - 4 scrolls of enchant weapon
 D - a scroll of identify
 E - 2 scrolls of immolation {unknown}
 F - 3 scrolls of random uselessness
 G - 3 scrolls of fog
 H - 2 scrolls of magic mapping {unknown}
 J - a scroll of holy word {unknown}
 L - a scroll of amnesia
Potions
 b - a potion of flight
 e - 3 potions of magic
 j - 3 potions of haste
 l - a potion of resistance
 n - 6 potions of curing
 u - 3 potions of brilliance
 z - 3 potions of agility
 K - a potion of lignification {unknown}
Comestibles
 f - 31 rations


   Skills:
 + Level 9.6 Fighting
 * Level 20.3 Axes
 + Level 8.8 Armour
 - Level 3.2 Shields


You had 11 spell levels left.
You didn't know any spells.
Your spell library contained the following spells:

 Spells                   Type           Power        Failure   Level  Hunger
 Animate Skeleton         Necr           N/A          98%         1    ##.....
 Apportation              Tloc           #.....       98%         1    ##.....
 Beastly Appendage        Tmut           #.....       98%         1    ##.....
 Confusing Touch          Hex            #.....       98%         1    ##.....
 Magic Dart               Conj           #...         98%         1    ##.....
 Pain                     Necr           #...         98%         1    ##.....
 Summon Small Mammal      Summ           #...         98%         1    ##.....
 Blink                    Tloc           N/A          99%         2    ###....
 Call Imp                 Summ           #.......     99%         2    ###....
 Slow                     Hex            #.......     99%         2    ###....
 Sticks to Snakes         Tmut           #.......     99%         2    ###....
 Conjure Flame            Conj/Fire      #.......     100%        3    ####...
 Mephitic Cloud           Conj/Pois/Air  #.......     100%        3    ####...
 Regeneration             Chrm/Necr      #.........   100%        3    ####...
 Spider Form              Tmut/Pois      #.........   100%        3    ####...
 Vampiric Draining        Necr           #.........   100%        3    ####...
 Animate Dead             Necr           N/A          100%        4    #####..
 Ice Form                 Ice/Tmut       #.......     100%        4    #####..
 Blade Hands              Tmut           #.........   100%        5    ######.


Dungeon Overview and Level Annotations

Branches:
Dungeon (12/15)            Temple (0/1) D:6            Lair (2/6) D:8
  Swamp: Lair:2-4    Shoals: Lair:2-4     Snake: Lair:2-4    Spider: Lair:2-4
    Orc: D:9-12

Altars:
Gozag
Okawaru
Qazlal
Ru
Trog
Uskayaw
Wu Jian

Shops:
D:4 [}:=%   D:7 }   D:8 *


Innate Abilities, Weirdness & Mutations

You have a pair of small horns on your head.
You are agile. (Dex +2)
You are weak. (Str -2)


Message History

The nine-headed hydra bites you. x2; The nine-headed hydra bites you!
* * * LOW HITPOINT WARNING * * *
The nine-headed hydra closely misses you.
The nine-headed hydra completely misses you.
The nine-headed hydra bites you.
* * * LOW HITPOINT WARNING * * *
The nine-headed hydra barely misses you.
Evoke which item? (* to show all) (? for menu, Esc to quit)
Aiming: Throw Flame
Press: ? - help, Shift-Dir - straight line, f/p - nine-headed hydra
Aim: a nine-headed hydra (severely wounded)
The puff of flame hits the nine-headed hydra.
The nine-headed hydra is almost dead.
The nine-headed hydra bites you!
* * * LOW HITPOINT WARNING * * *
You block the nine-headed hydra's attack.
The nine-headed hydra bites you!
* * * LOW HITPOINT WARNING * * *
The nine-headed hydra bites you!
You die...

........... ##...........
..8..... .. #.......>.....
..!.... #.##).....)......
8...#. #.#.............♣♣
.....######...............P
#..†.#.##................P
#......#.......§..°.....P≈
#.##..8.+..#......§○.....≈≈
...##...#.[.#..D@.§.......≈
.....#†####.#...§.§<.....♣
.....†.......#○§..°...####
..........##..###....##
........###P..# #..###
.....#.## ##....##.#
##.##### ###..#### ## ..#
..P


You could see a nine-headed hydra.

Vanquished Creatures
  3 death yaks (D:8)
  2 two-headed ogres (D:10)
  An unseen horror (D:11)
  Pikel (D:6)
  An ugly thing (D:10)
  2 manticores (D:11)
  A cyclops (D:11)
  2 spiny frogs
  A komodo dragon (D:11)
  A troll (D:9)
  A hornet (D:10)
  12 hippogriffs
  3 slime creatures
  A wyvern (D:10)
  11 yaks
  A human (D:7)
  4 hogs (D:7)
  2 basilisks
  5 hungry ghosts
  A soldier ant (D:11)
  An acid dragon (D:10)
  Edmund (D:5)
  2 water moccasins
  A porcupine (D:8)
  3 ice beasts
  2 orc warriors (D:11)
  5 sky beasts
  2 slaves (D:6)
  A black bear (D:11)
  A hornet zombie (D:10)
  5 ogres
  A phantom (D:6)
  5 centaurs
  A crocodile (Lair:2)
  A big kobold (D:9)
  3 bullfrogs
  5 scorpions
  2 howler monkeys
  3 bullfrog zombies
  7 crimson imps
  A quasit (D:5)
  3 jellies
  Crazy Yiuf (D:5)
  A centaur zombie (D:9)
  2 orc priests
  3 bullfrog skeletons
  A centaur skeleton (D:12)
  7 orc wizards
  3 hell rats (D:8)
  9 worker ants
  3 hound skeletons
  A worker ant zombie (D:6)
  3 gnolls (D:6)
  A howler monkey skeleton (D:4)
  2 river rats (D:8)
  12 adders
  2 shadow imps
  2 oozes
  An adder skeleton (D:4)
  3 worms
  2 dart slugs (D:2)
  8 leopard geckos
  25 orcs
  13 bats
  7 giant cockroaches
  5 goblins
  6 hobgoblins
  9 jackals
  10 kobolds
  5 quokkas
  4 frilled lizards
  A leopard gecko skeleton (D:7)
  A leopard gecko zombie (D:5)
  7 rats
  A fungus (Lair:1)
273 creatures vanquished.

Vanquished Creatures (others)
  2 fungi (Lair:2)
  A plant (Lair:2)
3 creatures vanquished.

Grand Total: 276 creatures vanquished

Notes
Turn   | Place    | Note
-------+----------+-------------------------------------------
     0 | D:1      | Delamore the Hill Orc Fighter began the quest for the Orb.
     0 | D:1      | Reached XP level 1. HP: 19/19 MP: 1/1
   107 | D:1      | Reached skill level 3 in Axes
   239 | D:1      | Reached XP level 2. HP: 24/26 MP: 2/2
   348 | D:1      | Reached skill level 4 in Axes
   660 | D:2      | Reached XP level 3. HP: 27/31 MP: 3/3
   755 | D:2      | Reached skill level 5 in Axes
  1010 | D:2      | Reached XP level 4. HP: 28/39 MP: 4/4
  1171 | D:2      | Reached skill level 6 in Axes
  1640 | D:3      | Reached XP level 5. HP: 45/45 MP: 5/5
  1955 | D:3      | Reached skill level 7 in Axes
  2368 | D:4      | Reached skill level 8 in Axes
  2373 | D:4      | Reached XP level 6. HP: 40/51 MP: 6/6
  2429 | D:4      | HP: 1/51 [scorpion (3)]
  2440 | D:4      | Reached skill level 9 in Axes
  2594 | D:4      | Found Catoet's Armour Shoppe.
  2685 | D:4      | Found Ysmeaxzy's Gadget Shop.
  2756 | D:4      | Found Qakebly's Food Emporium.
  2865 | D:4      | Found Zeaqoan's Book Shop.
  2877 | D:4      | Found Coett's Jewellery Emporium.
  2931 | D:4      | Reached XP level 7. HP: 54/57 MP: 7/7
  3091 | D:5      | Entered Level 5 of the Dungeon
  3122 | D:5      | Noticed Edmund
  3144 | D:5      | Killed Edmund
  3144 | D:5      | Reached skill level 10 in Axes
  3363 | D:5      | Reached skill level 11 in Axes
  3486 | D:5      | Found a stormy altar of Qazlal.
  3491 | D:5      | Found an ornate altar of the Wu Jian Council.
  3491 | D:5      | Found a hide-covered altar of Uskayaw.
  3492 | D:5      | Found a sacrificial altar of Ru.
  3492 | D:5      | Found an iron altar of Okawaru.
  3497 | D:5      | Became a worshipper of Qazlal Stormbringer
  3616 | D:5      | Reached XP level 8. HP: 45/64 MP: 8/8
  3627 | D:5      | Reached skill level 12 in Axes
  3746 | D:5      | Found a runed translucent door.
  3747 | D:5      | Noticed Crazy Yiuf
  4048 | D:5      | Killed Crazy Yiuf
  4097 | D:6      | Found a sacrificial altar of Ru.
  4200 | D:6      | Reached skill level 13 in Axes
  4244 | D:6      | Found a staircase to the Ecumenical Temple.
  4498 | D:6      | Noticed Pikel
  4514 | D:6      | Killed Pikel
  4514 | D:6      | Reached skill level 14 in Axes
  4514 | D:6      | Reached XP level 9. HP: 33/70 MP: 9/9
  4758 | D:7      | Reached skill level 15 in Axes
  4906 | D:7      | Found a bloodstained altar of Trog.
  4950 | D:7      | Found Wodonos's Gadget Emporium.
  4970 | D:7      | Reached * piety under Qazlal
  5043 | D:7      | Reached skill level 16 in Axes
  5196 | D:7      | Reached XP level 10. HP: 65/77 MP: 10/10
  5390 | D:7      | Gained mutation: You are robust. (+10% HP) [potion of
                  | mutation]
  5390 | D:7      | Gained mutation: You have a pair of small antennae on your
                  | head. [potion of mutation]
  5390 | D:7      | Gained mutation: You are somewhat resistant to further
                  | mutation. [potion of mutation]
  5488 | D:8      | Found Wetuma's Assorted Antiques.
  5503 | D:8      | Reached skill level 17 in Axes
  5533 | D:8      | Bought a shimmering ring mail for 333 gold pieces
  5533 | D:8      | Bought a scroll labeled LIJU LEIFRUT for 37 gold pieces
  5533 | D:8      | Bought a scroll labeled MODAYF LOMM for 37 gold pieces
  5543 | D:8      | Identified the +2 ring mail of Somewhere Else {Str+8 Int-4
                  | Dex+3} (You bought it in a shop on level 8 of the Dungeon)
  5673 | D:8      | Found an opulent altar of Gozag.
  5740 | D:8      | Noticed a death yak
  5745 | D:8      | Noticed a death yak
  5749 | D:8      | Noticed a death yak
  5761 | D:8      | Killed a death yak
  5761 | D:8      | Reached skill level 5 in Fighting
  5772 | D:8      | Killed a death yak
  5772 | D:8      | Reached skill level 5 in Armour
  5778 | D:8      | Killed a death yak
  5778 | D:8      | Reached ** piety under Qazlal
  5778 | D:8      | Reached skill level 18 in Axes
  5914 | D:8      | Found a staircase to the Lair.
  6321 | D:9      | Reached XP level 11. HP: 97/97 MP: 11/11
  6515 | D:9      | Lost mutation: You are robust. (+10% HP) [potion of
                  | mutation]
  6515 | D:9      | Lost mutation: You are somewhat resistant to further
                  | mutation. [potion of mutation]
  6515 | D:9      | Gained mutation: You tend to lose your temper in combat.
                  | [potion of mutation]
  6515 | D:9      | Gained mutation: You are frail. (-10% HP) [potion of
                  | mutation]
  6515 | D:9      | Gained mutation: Your flesh is heat resistant. (rF+)
                  | [potion of mutation]
  6972 | D:10     | Entered Level 10 of the Dungeon
  7012 | D:9      | Lost mutation: You are frail. (-10% HP) [potion of
                  | mutation]
  7012 | D:9      | Lost mutation: Your flesh is heat resistant. (rF+) [potion
                  | of mutation]
  7012 | D:9      | Lost mutation: You have a pair of small antennae on your
                  | head. [potion of mutation]
  7012 | D:9      | Gained mutation: You evolve. [potion of mutation]
  7012 | D:9      | Gained mutation: Potions are less effective at restoring
                  | your health. [potion of mutation]
  7012 | D:9      | Gained mutation: You are partially covered in rugged brown
                  | scales. (AC +1, +3% HP) [potion of mutation]
  7078 | D:10     | Noticed a two-headed ogre
  7270 | D:10     | Reached *** piety under Qazlal
  7270 | D:10     | Reached skill level 19 in Axes
  7276 | D:10     | Killed a two-headed ogre
  7602 | D:10     | Noticed a two-headed ogre
  7614 | D:10     | Killed a two-headed ogre
  7997 | D:11     | Noticed a cyclops
  8156 | D:12     | Noticed a skeletal warrior
  8158 | D:12     | Noticed a skeletal warrior
  8160 | D:12     | Noticed a skeletal warrior
  8178 | D:11     | Noticed an unseen horror
  8197 | D:11     | Reached XP level 12. HP: 14/106 MP: 12/12
  8197 | D:11     | HP: 4/106 [soldier ant (10)]
  8198 | D:11     | HP: 1/106 [poisoned by a soldier ant]
  8735 | D:11     | Lost mutation: You tend to lose your temper in combat.
                  | [potion of mutation]
  8735 | D:11     | Lost mutation: Potions are less effective at restoring your
                  | health. [potion of mutation]
  8735 | D:11     | Gained mutation: Your body sometimes deteriorates upon
                  | taking damage. [potion of mutation]
  8735 | D:11     | Gained mutation: You are robust. (+10% HP) [potion of
                  | mutation]
  8761 | D:11     | Got a dazzling hand crossbow
  8782 | D:11     | Reached **** piety under Qazlal
  8878 | D:10     | Reached skill level 20 in Axes
  9036 | D:11     | Lost mutation: You are partially covered in rugged brown
                  | scales. (AC +1, +3% HP) [potion of mutation]
  9036 | D:11     | Lost mutation: You are robust. (+10% HP) [potion of
                  | mutation]
  9036 | D:11     | Lost mutation: Your body sometimes deteriorates upon taking
                  | damage. [potion of mutation]
  9036 | D:11     | Lost mutation: You evolve. [potion of mutation]
  9036 | D:11     | Gained mutation: You evolve. [potion of mutation]
  9036 | D:11     | Gained mutation: You are weak. (Str -2) [potion of
                  | mutation]
  9036 | D:11     | Gained mutation: You possess an exceptional clarity of
                  | mind. [potion of mutation]
  9538 | D:10     | Lost mutation: You are weak. (Str -2) [potion of mutation]
  9538 | D:10     | Lost mutation: You evolve. [potion of mutation]
  9538 | D:10     | Lost mutation: You possess an exceptional clarity of mind.
                  | [potion of mutation]
  9538 | D:10     | Gained mutation: You are weak. (Str -2) [potion of
                  | mutation]
  9538 | D:10     | Gained mutation: You have a pair of small horns on your
                  | head. [potion of mutation]
  9538 | D:10     | Gained mutation: You are agile. (Dex +2) [potion of
                  | mutation]
  9706 | Lair:1   | Entered Level 1 of the Lair of Beasts
 10457 | Lair:2   | Noticed an eight-headed hydra
 10481 | Lair:2   | HP: 1/106 [nine-headed hydra (14)]
 10481 | Lair:2   | Mangled by a nine-headed hydra

Levels and vault maps discovered:
D:1:      dpeg_arrival_rooms_a, layout_loops_ring
D:2:      layout_basic, corexii_shack, grunt_ministairs_4,
          minmay_fractal_squares_gapless_5
D:3:      minmay_recursive_quarters, layout_basic, saegor_snake_ambush
D:4:      layout_basic, serial_shops, nicolae_shop_behind_doors, shop_fountains,
          nicolae_shop_waterfront, shop, shop_statue, first_ration
D:5:      layout_loops_ring, grunt_temple_overflow_open, serial_bayou_ford_a,
          kennysheep_potato, uniq_edmund, uniq_crazy_yiuf_cottage
D:6:      layout_rooms, minmay_temple_entry_hall, basic_altar, uniq_pikel
D:7:      layout_basic, old_standard_altar, serial_shops, kennysheep_mini,
          grunt_livestock, chequers_serial_rivers_small_b
D:8:      layout_loops_ring, dpeg_lair_monsters, serial_shops, shop,
          lemuel_altar_in_water
D:9:      layout_cave_pools
D:10:     layout_loops_ring, minmay_fractal_squares_gapless_7
D:11:     layout_gridville
D:12:     layout_rooms, hiddenorc1_lemuel, serial_shops, nicolae_shop_stone
Lair:1:   layout_loops_ring
Lair:2:   layout_cave_pods, elwin_shoals_entry_rooms, grunt_megastairs_4,
          serial_bayou_shore_b

Skill      XL: |  1  2  3  4  5  6  7  8  9 10 11 12 |
---------------+-------------------------------------+-----
Axes           | 3 4 5 6 8 9 11 14 16 18 19 20 | 20.3
Fighting       | 6 8 9 |  9.6
Armour         | 5 7 8 |  8.8
Shields        | |  3.2

Action                   |  1- 3 |  4- 6 |  7- 9 | 10-12 || total
-------------------------+-------+-------+-------+-------++-------
Melee: War axe           |   109 |   190 |   287 |   514 ||  1100
       Headbutt          |       |       |       |     5 ||     5
Throw: Javelin           |       |     4 |    22 |    26 ||    52
       Dart              |       |       |     4 |     7 ||    11
Evoke: Wand              |       |       |       |    15 ||    15
  Use: Potion            |       |     4 |       |    12 ||    16
       Scroll            |       |       |       |    22 ||    22
  Eat: Chunk             |       |     7 |     9 |    22 ||    38
       Ration            |       |       |       |     1 ||     1
Armor: Scale mail        |    76 |    64 |    87 |    10 ||   237
       Ring mail         |       |       |       |   110 ||   110
Dodge: Dodged            |    39 |    54 |    65 |   110 ||   268
Block: Shield            |    54 |    97 |   102 |   302 ||   555
